 Dungeon Crawl Stone Soup version 0.32-a0-616-g9348d4545b (webtiles) character file.

Game seed: 9276822282327177074

107 cforsyth the Grave Robber (level 4, 0/54 HPs)
             Began as a Mountain Dwarf Necromancer on Mar 6, 2024.
             Incinerated by a bombardier beetle (2 damage)
             ... with a burning spray
             ... on level 3 of the Dungeon.
             The game lasted 00:02:28 (1838 turns).

cforsyth the Grave Robber (MDNe)                    Turns: 1838, Time: 00:02:29

Health: 0/54       AC: 10    Str: 11 (13) XL:     4   Next: 56%
Magic:  1/6        EV:  6    Int: 13 (15) God:
Gold:   88         SH:  0    Dex:  7 (10) Spells: 5/6 levels left

rFire   . . .        c - +0 war axe
rCold   . . .        (no shield)
rNeg    . . .        n - +0 chain mail
rPois   .            g - +0 helmet
rElec   .            (no cloak)
rCorr   .            (no gloves)
SInv    .            d - +0 pair of boots
Will    .....        (no amulet) Stlth
                     (no ring)
HPRegen 0.29/turn    (no ring)
MPRegen 0.10/turn

%: no passive effects
@: berserking, on fire, glowing, very quick
A: runic magic, artefact enchanting
a: no special abilities


You were on level 3 of the Dungeon.
You visited 1 branch of the dungeon, and saw 3 of its levels.

You collected 88 gold pieces.


Innate Abilities, Weirdness & Mutations

Your spellcasting is much less encumbered by armour.
You can use scrolls of enchantment on lesser artefacts.


   Skills:
 + Level 2.0 Fighting
 + Level 2.3 Axes
 + Level 2.1 Armour
 - Level 1.3 Dodging
 - Level 1.4 Stealth
 - Level 1.7 Spellcasting
 + Level 5.0 Necromancy


You had 5 spell levels left.
You knew the following spells:

 Your Spells              Type           Power      Damage    Failure   Level
X - Necrotise             Necr           56%        1d6       8%          1

Your spell library contained the following spells:

 Spells                   Type           Power      Damage    Failure   Level
 Vampiric Draining        Necr           14%        2d7       22%         3
 Freeze                   Ice            4%         1d3       52%         1
 Animate Dead             Necr           14%        N/A       58%         4
 Scorch                   Fire           2%         2d5       67%         2
 Frozen Ramparts          Ice            2%         1d1       88%         3
 Hailstorm                Conj/Ice       1%         3d5       88%         3
 Curse of Agony           Necr           14%        N/A       91%         5
 Flame Wave               Conj/Fire      1%         2d4       99%         4
 Leda's Liquefaction      Alch/Erth      0%         N/A       99%         4
 Lee's Rapid Deconstruct  Erth           0%         3d4*      100%        5
 Bombard                  Conj/Erth      0%         9d1       100%        6
 Summon Cactus Giant      Summ           0%         N/A       100%        6

Inventory:

Hand Weapons
 c - a +0 war axe (weapon)
Armour
 d - a +0 pair of boots (worn)
 g - a +0 helmet (worn)
 n - a +0 chain mail (worn)
Scrolls
 f - 3 scrolls of identify {unknown}
 j - 3 scrolls of immolation {unknown}
 k - a scroll of blinking {unknown}
 m - a scroll of teleportation {unknown}
Potions
 b - 2 potions of magic
 e - a potion of berserk rage {!q}
 h - a potion of mutation {unknown}
 i - a potion of resistance {unknown}
 l - a potion of degeneration

Dungeon Overview and Level Annotations

Branches:
Dungeon (3/15)

Altars:
Zin

#. #.### ...###
..... #..# .#
#.####†.# .# ####
#.......# .# #...
######..##.### #.##
#..@.#......
#.##..#..#####.##...
#.##.##.............
#.##............<...
..##..#.#####..#....
#.###..#.# #..#....
#. #..#.# #..##...
#. #..#.#####..##...
#. #..#.....#..##...


There were no monsters in sight!


Message History

You are out of magic!
You hit the bombardier beetle.
The bombardier beetle is severely wounded.
The liquid fire burns you!
The bombardier beetle bites you but does no damage.
You hit the bombardier beetle.
You kill the bombardier beetle!
The liquid fire burns you!
* * * LOW HITPOINT WARNING * * *
Your Fighting skill increases to level 2!
Your Armour skill increases to level 2!
Your Necromancy skill increases to level 5!
You shake off some of the fire as you move.
The liquid fire burns you!
* * * LOW HITPOINT WARNING * * *
You shake off some of the fire as you move.
The liquid fire burns you!
* * * LOW HITPOINT WARNING * * *
You shake off some of the fire as you move.
The liquid fire burns you!
* * * LOW HITPOINT WARNING * * *
It was a potion of degeneration.
There was something very wrong with that liquid.
You feel weakened.
You feel dopey.
You feel clumsy. The liquid fire burns you!
* * * LOW HITPOINT WARNING * * *
It was a potion of berserk rage.
A red film seems to cover your vision as you go berserk!
You feel yourself moving faster!
You feel mighty! The liquid fire burns you!
You die...

Skill      XL: |  1  2  3  4 |
---------------+-------------+-----
Axes           | 1 2 |  2.3
Fighting       | 1 2 |  2.0
Armour         | 1 2 |  2.1
Necromancy     | 5 |  5.0
Dodging        | |  1.3
Stealth        | |  1.4
Spellcasting   | |  1.7

Action                     |  1- 3 |  4- 6 || total
---------------------------+-------+-------++-------
  Melee: War axe           |    19 |     4 ||    23
   Cast: Necrotise         |    60 |    14 ||    74
    Use: Potion            |       |     2 ||     2
 Armour: Robe              |    25 |       ||    25
         Chain mail        |     8 |     6 ||    14
  Dodge: Dodged            |    15 |       ||    15

Levels and vault maps discovered:
D:1:      minmay_arrival_stair_chambers, layout_rooms, amcnicky_mini_pool_small,
          serial_bayou_pond_d
D:2:      layout_basic, basic_altar, minmay_distorted
D:3:      layout_loops_ring, mainiacjoe_overflow_tiny_flanked, uniq_jessica,
          uniq_sigmund, uniq_ijyb

Notes
Turn   | Place    | Note
-------+----------+-------------------------------------------
     0 | D:1      | cforsyth the Mountain Dwarf Necromancer began the quest for
                  | the Orb.
     0 | D:1      | Reached XP level 1. HP: 14/14 MP: 3/3
   282 | D:1      | Reached XP level 2. HP: 22/22 MP: 0/4
   343 | D:1      | Reached skill level 1 in Axes
   463 | D:1      | Reached skill level 1 in Fighting
   463 | D:1      | Reached skill level 1 in Armour
   727 | D:2      | Reached XP level 3. HP: 28/28 MP: 1/5
   868 | D:2      | Found a glowing silver altar of Zin.
  1610 | D:3      | Reached skill level 2 in Axes
  1610 | D:3      | Reached XP level 4. HP: 31/36 MP: 0/6
  1834 | D:3      | Reached skill level 2 in Fighting
  1834 | D:3      | Reached skill level 2 in Armour
  1834 | D:3      | Reached skill level 5 in Necromancy
  1837 | D:3      | HP: 1/36 [burnt (3)]
  1838 | D:3      | Incinerated by a bombardier beetle

Vanquished Creatures
  A bombardier beetle (D:3)
  4 adders
  3 ribbon worms
  An orc (D:3)
  4 ball pythons
  4 bats
  2 endoplasms
  A giant cockroach (D:1)
  3 goblins
  A hobgoblin (D:1)
  4 jackals (D:1)
  A quokka (D:1)
  2 kobolds
  2 rats
33 creatures vanquished.

Vanquished Creatures (collateral kills)
  An endoplasm (D:3)
1 creature vanquished.

Grand Total: 34 creatures vanquished

Table legend: (Time is in decaauts)
 A = Elapsed time spent in this place.
 B = Non-inter-level travel time spent in this place.
 C = Inter-level travel time spent in this place.
 D = Time resting spent in this place.
 E = Time spent auto-exploring this place.
 F = Levels seen in this place.
 G = Mean time per level.
                   A        B        C        D        E       F      G
               +--------+--------+--------+--------+--------+-----+--------+
         Total |   1851 |   1747 |    104 |     27 |   1440 |   3 |  617.0 |
       Dungeon |   1851 |   1747 |    104 |     27 |   1440 |   3 |  617.0 |
               +--------+--------+--------+--------+--------+-----+--------+

Top non-repeatable levels by time:
     D:2: 786 daAuts
     D:1: 777 daAuts
     D:3: 286 daAuts

Table legend:
 A = Non-vault XP
 B = Vault XP
 C = Vault XP percentage of total XP
 D = Non-vault monster count
 E = Vault monster count
 F = Vault count percentage of total count
                 A         B        C        D         E       F
            +---------+---------+-------+---------+---------+-------
      Total |     149 |       4 |   2.6 |      31 |       3 |   8.8
            +---------+---------+-------+---------+---------+-------
        D:1 |      29 |       0 |   0.0 |      16 |       0 |   0.0
        D:2 |      53 |       4 |   7.0 |       9 |       3 |  25.0
        D:3 |      67 |       0 |   0.0 |       6 |       0 |   0.0
            +---------+---------+-------+---------+---------+-------
